 Dungeon Crawl Stone Soup version 0.28-a0-863-g8cecda6153 (webtiles) character file.

Game seed: 11931169622140098150

6727 ders the Geomancer (level 11, -7/81 HPs)
             Began as a Gargoyle Earth Elementalist on Nov 19, 2021.
             Was a Believer of Vehumet.
             Mangled by a molten gargoyle (11 damage)
             ... on level 9 of the Dungeon.
             The game lasted 00:18:07 (12189 turns).

ders the Geomancer (Gargoyle Earth Elementalist)   Turns: 12189, Time: 00:18:07

Health: -7/81      AC: 25    Str: 12    XL:     11   Next: 4%
Magic:  3/24       EV:  2    Int: 19    God:    Vehumet [**....]
Gold:   371        SH:  0    Dex: 10    Spells: 20/28 levels left

rFire   . . .      SeeInvis +   C - staff of conjuration
rCold   . . .      Faith    .   (no shield)
rNeg    + . .      Spirit   .   (armour currently unavailable)
rPois   ∞          Reflect  .   (helmet currently unavailable)
rElec   .          Harm     .   (cloak currently unavailable)
rCorr   .          Rampage  .   (gloves currently unavailable)
Will    +....      NoTele   +   (boots currently unavailable)
Stlth   ++........              (no amulet)
HPRegen 0.23/turn               j - ring of willpower
MPRegen 0.19/turn               H - ring of see invisible

@: tree-form
A: stationary, stasis, torment immunity, boosted hp, sickness immunity, AC +8,
negative energy resistance 1, (electricity resistance), torment resistance 1,
petrification resistance
a: Renounce Religion


You were on level 9 of the Dungeon.
You worshipped Vehumet.
Vehumet was pleased with you.
You were a tree.
You visited 2 branches of the dungeon, and saw 10 of its levels.

You collected 551 gold pieces.
You spent 180 gold pieces at shops.

Inventory:

Hand Weapons
 d - a +3 vorpal dagger
Missiles
 a - 85 stones
 r - 9 throwing nets
 u - 23 boomerangs
Armour
 b - a +0 robe
 t - a +2 robe of positive energy (melded)
 y - a +0 pair of boots (melded)
Magical Staves
 C - a staff of conjuration (weapon)
Jewellery
 j - a ring of willpower (left branch)
 H - a ring of see invisible (right branch)
Wands
 l - a wand of flame (7)
 v - a wand of iceblast (22)
 w - a wand of acid (8)
 D - a wand of mindburst (12)
 F - a wand of polymorph (8)
Scrolls
 c - 2 scrolls of torment
 h - 3 scrolls of amnesia
 o - a scroll of magic mapping
 A - 2 scrolls of identify
 G - a scroll of enchant weapon
 I - a scroll of brand weapon
Potions
 e - 2 potions of flight
 f - 2 potions of mutation
 g - a potion of degeneration
 i - a potion of lignification
 k - 6 potions of brilliance
 m - a potion of cancellation
 n - a potion of haste
 s - 2 potions of magic
 x - a potion of might
 z - a potion of curing {unknown}
 B - a potion of attraction {unknown}
 E - a potion of ambrosia {unknown}


   Skills:
 - Level 1.5 Dodging
 - Level 2.1 Stealth
 + Level 9.0 Spellcasting
 + Level 10.4 Conjurations
 - Level 0.7 Transmutations
 + Level 11.9 Earth Magic


You had 20 spell levels left.
You knew the following spells:

 Your Spells              Type           Power      Damage    Failure   Level
a - Sandblast             Erth           100%       2d20      1%          1
b - Stone Arrow           Conj/Erth      100%       3d13      1%          3
c - Fulminant Prism       Conj/Hex       21%        3d13      10%         4

Your spell library contained the following spells:

 Spells                   Type           Power      Damage    Failure   Level
 Inner Flame              Hex/Fire       8%         N/A       24%         3
 Magic Dart               Conj           100%       1d8       1%          1
 Passwall                 Tmut/Erth      26%        N/A       1%          2
 Searing Ray              Conj           100%       2d8       1%          2
 Petrify                  Tmut/Erth      32%        N/A       6%          4
 Corpse Rot               Necr/Air       16%        N/A       12%         2
 Poisonous Vapours        Pois/Air       16%        N/A       12%         2


Dungeon Overview and Level Annotations

Branches:
Dungeon (9/15)             Temple (1/1) D:4
   Lair: D:8-11         Orc: D:9-12

Altars:
Dithmenos
Fedhas
Gozag
Hepliaklqana
Nemelex Xobeh
Qazlal
Ru
Sif Muna
Trog
Vehumet
Zin
The Shining One

Shops:
D:1 =((:   D:9 =


Innate Abilities, Weirdness & Mutations

You are a tree.
Your roots penetrate the ground, keeping you stationary.
You cannot be teleported.
You are immune to unholy pain and torment.
Your maximum health is greatly increased.
Your equipment is partially melded.
You are immune to sickness and miasma.
((Your stone body is resilient. (AC +8)))
You are immune to poison.
You resist negative energy. (rN+)
((You are resistant to electric shocks. (rElec)))
You are resistant to unholy torment.
You are immune to petrification.


Message History

The blast of sand hits the molten gargoyle!
You destroy the molten gargoyle!
Vehumet accepts your kill.
The molten gargoyle blasts magma at you!
The bolt of magma misses you.
Your Spellcasting skill increases to level 9!
You have reached level 11!
Really quaff the potion of lignification? [Y]es or [N]o only, please.
Really quaff the potion of lignification?
You turn into a tree.
Your +0 pair of boots melds into your body.
Your +2 robe of positive energy melds into your body.
You feel less protected from negative energy.
Your roots penetrate the ground.
The molten gargoyle blasts magma at you!
The bolt of magma hits you.
* * * LOW HITPOINT WARNING * * *
Casting: Sandblast (safe; 1% risk of failure)
Confirm with . or Enter, or press ? or * to list all spells.
Aiming: Stone Arrow (safe; 1% risk of failure)
Press: ? - help, Shift-Dir - straight line, f - molten gargoyle
Aim: a molten gargoyle, wielding a +0 flail (purple smoke, 87% to hit)
You feel a surge of power!
The stone arrow hits the molten gargoyle.
The molten gargoyle is lightly damaged.
The molten gargoyle hits you but does no damage.
Unknown command.
Casting: Stone Arrow (safe; 1% risk of failure)
Confirm with . or Enter, or press ? or * to list all spells.
Aiming: Stone Arrow (safe; 1% risk of failure)
Press: ? - help, Shift-Dir - straight line, f/p - molten gargoyle
Aim: a molten gargoyle, wielding a +0 flail (purple smoke, lightly damaged, 87% to hit)
You feel a surge of power!
The stone arrow hits the molten gargoyle.
The molten gargoyle is lightly damaged.
The molten gargoyle hits you with a +0 flail.
* * * LOW HITPOINT WARNING * * *
You are engulfed in flames!
You die...

#.....#.##.........#
##.....#.##.........#
.'.....#.##.........#
##.....#.##.........#
#.#.#)#.#.#.#......#
#..#.#.#.#.#.#.....#
#.#...≈.≈...#§§§§§.#
#..#.≈≈≈≈≈≈..#9§§§.#
#.# ≈≈≈≈§§§.#§§♣§§.#
#.. .≈§88≈§..#§§§§.#
.§≈88§§§#§######
.§§≈§§≈§.# §≈§≈≈≈.#
≈.≈.. .#.# .#


You could see a molten gargoyle.

Vanquished Creatures
  A tengu warrior (D:8)
  Pikel (D:5)
  3 molten gargoyles (D:9)
  A troll (D:9)
  Prince Ribbit (D:5)
  A hornet (D:7)
  Sigmund (D:3)
  3 yaks (D:8)
  A steam dragon (D:9)
  Duvessa (D:5)
  A water moccasin (D:8)
  An orc warrior (D:6)
  A sky beast (D:8)
  A black bear (D:8)
  2 ogres (D:6)
  A necrophage (D:8)
  A wolf (D:5)
  A phantom (D:6)
  2 centaurs (D:5)
  3 kobold brigands
  4 gnoll sergeants (D:5)
  2 scorpions (D:6)
  3 bullfrogs
  2 wyvern zombies
  Dowan (D:5)
  2 water moccasin skeletons (D:4)
  5 killer bees (D:9)
  A howler monkey (D:5)
  7 hounds
  3 orc priests
  4 gnoll shamans
  A centaur skeleton (D:4)
  Terence (D:3)
  An iguana (D:6)
  Natasha (D:3)
  5 orc wizards
  A hound zombie (D:5)
  7 adders
  29 gnolls
  A shadow imp (D:5)
  A white imp (D:6)
  An ufetubus (D:7)
  3 adder skeletons (D:4)
  9 dart slugs
  18 orcs
  5 endoplasms
  2 giant cockroaches
  10 goblins
  7 hobgoblins
  12 jackals
  6 quokkas
  6 ball pythons
  6 bats
  3 frilled lizards
  20 kobolds
  4 rats
222 creatures vanquished.

Vanquished Creatures (others)
  3 fulminant prisms (D:7)
3 creatures vanquished.

Grand Total: 225 creatures vanquished

Notes
Turn   | Place    | Note
-------+----------+-------------------------------------------
     0 | D:1      | ders the Gargoyle Earth Elementalist began the quest for
                  | the Orb.
     0 | D:1      | Reached XP level 1. HP: 10/10 MP: 3/3
   172 | D:1      | Found Letonat's Weapon Shop.
   176 | D:1      | Reached XP level 2. HP: 15/15 MP: 3/5
   212 | D:1      | Reached skill level 1 in Conjurations
   220 | D:1      | Reached skill level 4 in Earth Magic
   421 | D:1      | Found a faded altar of an unknown god.
   541 | D:1      | Found Xomil's Jewellery Boutique.
   630 | D:1      | Found Kiejae's Antique Weapon Shoppe.
   638 | D:1      | Reached XP level 3. HP: 18/19 MP: 2/6
   642 | D:1      | Learned a level 3 spell: Stone Arrow
   888 | D:1      | Found Dicawirr's Book Boutique.
  1671 | D:2      | Reached XP level 4. HP: 19/24 MP: 5/8
  2842 | D:3      | Noticed Sigmund
  2970 | D:3      | Noticed Terence
  2992 | D:3      | Killed Terence
  2993 | D:3      | Reached skill level 5 in Earth Magic
  2993 | D:3      | Reached XP level 5. HP: 10/28 MP: 0/9
  3454 | D:3      | Noticed Natasha
  3788 | D:3      | Reached XP level 6. HP: 31/32 MP: 7/11
  3793 | D:3      | Killed Natasha
  4918 | D:4      | Reached skill level 6 in Earth Magic
  4918 | D:4      | Reached XP level 7. HP: 36/36 MP: 3/13
  5117 | D:4      | Found a staircase to the Ecumenical Temple.
  5131 | Temple   | Entered the Ecumenical Temple
  5349 | Temple   | Became a worshipper of Vehumet
  5804 | D:3      | Killed Sigmund
  5899 | D:5      | Entered Level 5 of the Dungeon
  5962 | D:5      | Reached skill level 5 in Conjurations
  5989 | D:5      | Reached skill level 7 in Earth Magic
  5989 | D:5      | Reached XP level 8. HP: 15/41 MP: 0/15
  6202 | D:5      | Reached skill level 5 in Spellcasting
  6381 | D:5      | Noticed Pikel
  6389 | D:5      | Killed Pikel
  6390 | D:5      | Reached skill level 8 in Earth Magic
  6556 | D:5      | Noticed Duvessa
  6557 | D:5      | Noticed Dowan
  6564 | D:5      | Killed Duvessa
  6570 | D:5      | Killed Dowan
  6651 | D:5      | Noticed Prince Ribbit
  6656 | D:5      | Killed Prince Ribbit
  6657 | D:5      | Reached XP level 9. HP: 29/45 MP: 0/18
  7221 | D:5      | Reached skill level 9 in Earth Magic
  7254 | D:5      | Reached * piety under Vehumet
  7254 | D:5      | Offered knowledge of Magic Dart by Vehumet.
  8823 | D:6      | Offered knowledge of Static Discharge by Vehumet.
  8825 | D:6      | Reached ** piety under Vehumet
  8889 | D:6      | Reached skill level 10 in Earth Magic
  9319 | D:6      | Reached XP level 10. HP: 50/50 MP: 15/21
  9361 | D:6      | Found an opulent altar of Gozag.
  9361 | D:6      | Found a sacrificial altar of Ru.
  9927 | D:6      | Learned a level 4 spell: Fulminant Prism
 10414 | D:7      | Noticed a seven-headed hydra
 11265 | D:8      | Noticed a tengu warrior
 11269 | D:8      | Killed a tengu warrior
 11270 | D:8      | Reached skill level 11 in Earth Magic
 11984 | D:9      | Offered knowledge of Inner Flame by Vehumet.
 11985 | D:9      | Found Gakiffu's Jewellery Boutique.
 12045 | D:9      | Bought a ring of see invisible for 180 gold pieces
 12083 | D:9      | Reached skill level 10 in Conjurations
 12110 | D:9      | Noticed a molten gargoyle
 12114 | D:9      | Killed a molten gargoyle
 12174 | D:9      | Noticed a molten gargoyle
 12175 | D:9      | Noticed a molten gargoyle
 12176 | D:9      | Noticed a molten gargoyle
 12181 | D:9      | Killed a molten gargoyle
 12186 | D:9      | Killed a molten gargoyle
 12187 | D:9      | Reached XP level 11. HP: 7/54 MP: 8/24
 12189 | D:9      | HP: 4/81 [molten gargoyle (5)]
 12189 | D:9      | Mangled by a molten gargoyle

Illustrated notes

Levels and vault maps discovered:
D:1:      heliophobic_arrival_glass_houses, layout_loops_ring,
          hellmonk_ecumenical_altar_pennies_from_heaven, serial_shops,
          nicolae_shop_bloodbath_and_beyond, shop, nicolae_square_shop,
          nicolae_shop_trees, solitary_fountain, grunt_decor_arrowhead
D:2:      layout_basic, kennysheep_nub, chequers_serial_rivers_small_3
D:3:      kennysheep_slugbush, layout_basic, minmay_misc_feat_rows, st_stairs_7,
          minmay_misc_feat_hallway, uniq_natasha, uniq_sigmund, uniq_terence
D:4:      layout_rooms, minmay_temple_entry_hall
D:5:      layout_cave_pools, serial_gnoll_camp, gnoll_camp_mini_hut,
          gnoll_camp_huts_moat, gnoll_camp_mini_basic, gnoll_camp_mini_hut,
          gnoll_camp_medium_01, uniq_prince_ribbit1, uniq_pikel, uniq_duvessa
D:6:      layout_basic, gammafunk_temple_overflow_pools, nicolae_sextant
D:7:      layout_loops_ring, uniq_joseph
D:8:      layout_basic, hangedman_abyss_or_decor_lesser_grid
D:9:      layout_basic, serial_shops, shop, minivault_8
Temple:   mainiacjoe_temple_cubbyholes

Skill      XL: |  1  2  3  4  5  6  7  8  9 10 |
---------------+-------------------------------+-----
Conjurations   | 1 2 3 4 5 7 8 10 | 10.4
Earth Magic    | 4 5 6 7 8 10 11 | 11.9
Spellcasting   | 3 4 6 7 9 |  9.0
Dodging        | |  1.5
Stealth        | |  2.1
Transmutations | |  0.7

Action                   |  1- 3 |  4- 6 |  7- 9 | 10-12 || total
-------------------------+-------+-------+-------+-------++-------
Melee: Dagger            |    32 |   109 |    10 |       ||   151
 Cast: Sandblast         |    41 |    41 |    59 |    17 ||   158
       Stone Arrow       |     2 |    22 |   103 |    63 ||   190
       Fulminant Prism   |       |       |       |     3 ||     3
  Use: Scroll            |       |     6 |     9 |     8 ||    23
       Potion            |       |       |       |     2 ||     2
 Stab: Sleeping          |       |     1 |       |       ||     1
Armor: Robe              |     7 |    35 |    30 |     9 ||    81
       Skin              |       |       |       |     1 ||     1
Dodge: Dodged            |    33 |    68 |    55 |    13 ||   169

Table legend: (Time is in decaauts)
 A = Elapsed time spent in this place.
 B = Non-inter-level travel time spent in this place.
 C = Inter-level travel time spent in this place.
 D = Time resting spent in this place.
 E = Time spent auto-exploring this place.
 F = Levels seen in this place.
 G = Mean time per level.
                   A        B        C        D        E       F      G
               +--------+--------+--------+--------+--------+-----+--------+
         Total |  12210 |  11422 |    788 |   5032 |   4840 |  10 | 1221.0 |
       Dungeon |  11960 |  11265 |    695 |   5032 |   4686 |   9 | 1328.9 |
        Temple |    249 |    156 |     93 |      0 |    154 |   1 |  249.0 |
               +--------+--------+--------+--------+--------+-----+--------+

Top non-repeatable levels by time:
     D:5: 2285 daAuts
     D:2: 1903 daAuts
     D:4: 1703 daAuts
     D:3: 1386 daAuts
     D:6: 1340 daAuts
     D:1: 1191 daAuts
     D:8: 990 daAuts
     D:7: 738 daAuts
     D:9: 421 daAuts
  Temple: 249 daAuts
